 Dungeon Crawl Stone Soup version 0.29-a0-1052-g6990b1bffc (webtiles) character file.

Game seed: 14467503092609293955

69 wilfster70 the Grasshopper (level 4, -3/22 HPs)
             Began as a Spriggan Warper on Aug 17, 2022.
             Slain by an orc priest
             ... wielding a +0 falchion
              (6 damage)
             ... on level 3 of the Dungeon.
             The game lasted 00:05:50 (3108 turns).

wilfster70 the Grasshopper (Spriggan Warper)        Turns: 3108, Time: 00:05:51

Health: -3/22      AC:  2    Str:  7    XL:     4   Next: 2%
Magic:  10/10      EV: 18    Int: 16    God:
Gold:   78         SH:  0    Dex: 14    Spells: 8/10 levels left

rFire   . . .      SeeInvis +   g - +1 short sword
rCold   . . .      Faith    .   (no shield)
rNeg    + . .      Spirit   .   b - +0 robe
rPois   .          Reflect  .   (helmet restricted)
rElec   .          Harm     .   (no cloak)
rCorr   .          Rampage  .   (gloves unavailable)
Will    .....                   (boots unavailable)
Stlth   +.........              (no amulet)
HPRegen 0.07/turn               e - ring of positive energy
MPRegen 0.12/turn               (no ring)

@: very quick
A: very small, no large weapons, unfitting armour, see invisible, speed 3
a: no special abilities


You were on level 3 of the Dungeon.
You visited 1 branch of the dungeon, and saw 3 of its levels.

You collected 78 gold pieces.

Inventory:

Hand Weapons
 a - a +0 dagger
 g - a +1 short sword (weapon)
Missiles
 d - 7 boomerangs of dispersal (quivered)
Armour
 b - a +0 robe (worn)
Jewellery
 e - a ring of positive energy (left hand)
 m - an amulet of the acrobat
Scrolls
 c - a scroll of blinking
 k - a scroll of amnesia {unknown}
Potions
 f - a potion of magic
 h - 2 potions of heal wounds
 i - a potion of mutation
 j - a potion of attraction {unknown}
 l - a potion of degeneration {unknown}


   Skills:
 - Level 1.5 Fighting
 + Level 3.2 Short Blades
 - Level 1.0 Throwing
 + Level 4.3 Dodging
 + Level 3.7 Spellcasting
 - Level 4.4 Translocations


You had 8 spell levels left.
You knew the following spells:

 Your Spells              Type           Power      Damage    Failure   Level
g - Blink                 Tloc           34%        N/A       4%          2

Your spell library contained the following spells:

 Spells                   Type           Power      Damage    Failure   Level
 Gell's Gravitas          Tloc           17%        N/A       9%          3
 Lesser Beckoning         Tloc           17%        N/A       9%          3
 Teleport Other           Tloc           17%        N/A       9%          3
 Beastly Appendage        Tmut           6%         N/A       17%         1
 Wereblood                Tmut           3%         N/A       26%         2
 Spider Form              Tmut/Pois      3%         N/A       45%         3
 Manifold Assault         Tloc           17%        N/A       61%         5


Dungeon Overview and Level Annotations

Branches:
Dungeon (3/15)

Altars:
Vehumet


Innate Abilities, Weirdness & Mutations

You are very small and have problems with some larger weapons.
You are too small for most types of armour.
You have supernaturally acute eyesight. (SInv)
You cover ground extremely quickly. (Speed+++)


Message History

Throw: 2 darts (atropa)
Press: ? - help, Shift-Dir - straight line, f - orc priest
Aim: an orc priest, wielding a +0 falchion (57% to hit, chance to blind on hit: 75%)
You throw an atropa-tipped dart.
The atropa-tipped dart closely misses the orc priest.
Throw: dart (atropa)
Press: ? - help, Shift-Dir - straight line, f/p - orc priest
Aim: an orc priest, wielding a +0 falchion (57% to hit, chance to blind on hit: 75%)
You throw an atropa-tipped dart.
The atropa-tipped dart barely misses the orc priest.
The orc priest misses you.
You see here an adder skeleton.
There is a stone staircase leading up, spattered with blood here.
You climb upwards.
There is a stone staircase leading down here.
You climb downwards.
The orc priest hits you with a +0 falchion.
There is a stone staircase leading up, spattered with blood here.
You hit the orc priest.
The orc priest is lightly wounded.
The orc priest misses you.
The orc shouts!
You hit the orc priest.
The orc priest is heavily wounded.
The orc priest closely misses you.
You hit the orc priest.
The orc priest is heavily wounded.
You hit the orc priest.
The orc priest is severely wounded.
The orc priest invokes the aid of Beogh against you.
Beogh smites you!
Ouch! That really hurt!
* * * LOW HITPOINT WARNING * * *
You hit the orc priest.
The orc priest is severely wounded.
The orc priest closely misses you.
You hit the orc priest.
The orc priest is almost dead.
The orc priest hits you with a +0 falchion.
You die...

_....# #.#.# ..# .##
#.#.# .###..# #.#.#
..#...# #.#.#
......########.#.#######
.......o................
.#############.#o#######
.#############.#o#
.o............(#@#
##################


You could see an orc priest and an orc.

Vanquished Creatures
  An adder (D:3)
  6 dart slugs
  2 endoplasms
  4 goblins (D:1)
  4 hobgoblins
  9 jackals (D:1)
  4 kobolds
  2 quokkas
  3 ball pythons (D:1)
  A bat (D:2)
  2 frilled lizards
  6 rats
44 creatures vanquished.

Notes
Turn   | Place    | Note
-------+----------+-------------------------------------------
     0 | D:1      | wilfster70 the Spriggan Warper began the quest for the Orb.
     0 | D:1      | Reached XP level 1. HP: 10/10 MP: 5/5
   252 | D:1      | Reached XP level 2. HP: 14/14 MP: 7/7
   306 | D:1      | Learned a level 2 spell: Blink
   554 | D:1      | Found a faded altar of an unknown god.
   921 | D:1      | Reached XP level 3. HP: 17/18 MP: 8/8
  2325 | D:3      | Found a radiant altar of Vehumet.
  2800 | D:3      | Reached XP level 4. HP: 18/22 MP: 10/10
  3108 | D:3      | Slain by an orc priest

Illustrated notes

Levels and vault maps discovered:
D:1:      co_arrival_square_in_a_square_in_a_square, layout_rooms,
          dreamdust_ecumenical_altar_grove, minmay_pentomino_q2
D:2:      layout_basic, minmay_hedge_maze
D:3:      layout_basic, vehumet_crystals

Skill      XL: |  1  2  3 |
---------------+----------+-----
Spellcasting   | 3 |  3.7
Dodging        | 4 |  4.3
Short Blades   | 3 |  3.2
Fighting       | |  1.5
Throwing       | |  1.0
Translocations | |  4.4

Action                   |  1- 3 |  4- 6 || total
-------------------------+-------+-------++-------
Melee: Short sword       |   170 |    10 ||   180
       Dagger            |    61 |       ||    61
       Punch             |     2 |       ||     2
Throw: Dart              |     2 |     2 ||     4
  Use: Scroll            |     8 |       ||     8
 Stab: Sleeping          |     1 |       ||     1
Armor: Robe              |    22 |       ||    22
Dodge: Dodged            |   178 |     6 ||   184

Table legend: (Time is in decaauts)
 A = Elapsed time spent in this place.
 B = Non-inter-level travel time spent in this place.
 C = Inter-level travel time spent in this place.
 D = Time resting spent in this place.
 E = Time spent auto-exploring this place.
 F = Levels seen in this place.
 G = Mean time per level.
                   A        B        C        D        E       F      G
               +--------+--------+--------+--------+--------+-----+--------+
         Total |   2589 |   2523 |     66 |   1463 |    436 |   3 |  863.0 |
       Dungeon |   2589 |   2523 |     66 |   1463 |    436 |   3 |  863.0 |
               +--------+--------+--------+--------+--------+-----+--------+

Top non-repeatable levels by time:
     D:1: 1333 daAuts
     D:2: 998 daAuts
     D:3: 257 daAuts
